 Dungeon Crawl Stone Soup version 0.30-a0-737-gf23d94013f (webtiles) character file.

Game seed: 4186391037938017241

678852 Serus the Conqueror (level 27, -18/199 HPs)
             Began as a Gargoyle Fighter on Jan 26, 2023.
             Was the Champion of Wu Jian.
             Killed from afar by an orb of fire (52 damage)
             ... with a fireball
             ... on level 5 of the Realm of Zot on Feb 1, 2023.
             The game lasted 03:27:05 (71507 turns).

Serus the Conqueror (Gargoyle Fighter)             Turns: 71507, Time: 03:27:06

Health: -18/199    AC: 60    Str: 51 (53) XL:     27
Magic:  0/26       EV: 31    Int:  5 (9)  God:    Wu Jian [******]
Gold:   8455       SH:  0    Dex: 14 (15) Spells: 30/30 levels left

rFire   . . .      SeeInvis +    p - +8 quarterstaff "Ufidio" {flame, Contam *Corrode Str+9 Dex+4}
rCold   + . .      Faith    .    (shield currently unavailable)
rNeg    + . .      Spirit   .    U - +10 chain mail of Azaewniph {Str+3 Slay+2}
rPois   ∞          Reflect  .    G - +1 helmet "Poumemy" {rElec rCorr Str+4}
rElec   +          Harm     .    H - scarf {rC+ rF+}
rCorr   +          Rampage  .    N - +2 pair of gloves
Will    ++++.                    X - +2 pair of boots Stlth
                                 J - amulet of regeneration
HPRegen 1.33/turn                q - ring of the Hare {EV+10}
MPRegen 0.20/turn                L - ring "Betogeym" {*Corrode Will++ Str+3 Dex+2 SInv}

@: marked, flying, contaminated, glowing
A: sickness immunity, AC +20, big wings, negative energy resistance 1,
electricity resistance, torment resistance 1, petrification resistance, sense
surroundings 1, heat vulnerability 1, subdued magic 1
}: 3/15 runes: decaying, serpentine, silver
a: Renounce Religion, Wall Jump, Serpent's Lash, Heavenly Storm


You were on level 5 of the Realm of Zot.
You worshipped Wu Jian.
Wu Jian was exalted by your worship.
You visited 14 branches of the dungeon, and saw 55 of its levels.
You also visited: Sewer, Ice Cave and Desolation.

You collected 9314 gold pieces.
You spent 859 gold pieces at shops.

Inventory:

Hand Weapons
 p - the +8 quarterstaff "Ufidio" (weapon) {flame, Contam *Corrode Str+9 Dex+4}
   (You found it on level 3 of the Dungeon)

   Str:       It affects your strength (+9).
   Dex:       It affects your dexterity (+4).
   Contam:    It causes magical contamination when unequipped.
   *Corrode:  It may corrode you when you take damage.
Missiles
 s - 4 throwing nets (quivered)
Armour
 G - the +1 helmet "Poumemy" (worn) {rElec rCorr Str+4}
   (You found it on level 3 of the Elven Halls)

   Str:       It affects your strength (+4).
   rElec:     It insulates you from electricity.
   rCorr:     It protects you from acid and corrosion.
 H - a scarf of resistance (worn)
 N - a +2 pair of gloves (worn)
 P - the +18 Lear's hauberk
   (You found it on level 9 of the Dungeon)
 U - the +10 chain mail of Azaewniph (worn) {Str+3 Slay+2}
   (You found it in the Desolation of Salt)

   Str:       It affects your strength (+3).
   Slay:      It affects your accuracy & damage with ranged weapons and melee
   (+2).
 X - a +2 pair of boots (worn)
Jewellery
 q - the ring of the Hare (left hand) {EV+10}
   (You found it in the Desolation of Salt)

   [ring of evasion]

   EV:        It affects your evasion (+10).
 J - an amulet of regeneration (around neck)
 L - the ring "Betogeym" (right hand) {*Corrode Will++ Str+3 Dex+2 SInv}
   (You found it on level 2 of the Depths)

   [ring of see invisible]

   Str:       It affects your strength (+3).
   Dex:       It affects your dexterity (+2).
   SInv:      It lets you see invisible.
   *Corrode:  It may corrode you when you take damage.
   Will:      It greatly increases your willpower.
Wands
 j - a wand of polymorph (35)
 n - a wand of digging (14)
 y - a wand of flame (47)
 z - a wand of iceblast (16)
 I - a wand of charming (55)
Scrolls
 a - 20 scrolls of identify
 c - 3 scrolls of brand weapon
 f - 3 scrolls of torment
 h - 9 scrolls of immolation
 i - 9 scrolls of magic mapping
 l - 21 scrolls of teleportation
 m - 13 scrolls of poison
 t - 11 scrolls of amnesia
 u - 13 scrolls of enchant armour
 x - 7 scrolls of vulnerability
 D - 7 scrolls of silence
 F - 14 scrolls of enchant weapon
 K - 15 scrolls of fear
 S - 5 scrolls of fog
 Z - 3 scrolls of butterflies
Potions
 d - 15 potions of might
 e - 29 potions of curing
 g - 8 potions of berserk rage
 o - 4 potions of magic
 r - 6 potions of lignification
 v - 10 potions of brilliance
 w - 13 potions of cancellation
 A - 17 potions of attraction
 B - 11 potions of haste
 M - 4 potions of ambrosia
 R - 4 potions of invisibility
 V - a potion of resistance
 Y - a potion of mutation
Miscellaneous
 b - the horn of Geryon


   Skills:
 O Level 27 Fighting
 + Level 4.9(18.6) Maces & Flails
 O Level 27 Staves
 + Level 3.7 Throwing
 O Level 27 Armour
 * Level 22.1 Dodging
 - Level 6.0 Stealth
 + Level 4.4 Shields
 + Level 2.3 Spellcasting
 + Level 0.8 Evocations


You had 30 spell levels left.
You didn't know any spells.
Your spell library contained the following spells:

 Spells                   Type           Power      Damage    Failure   Level
 Apportation              Tloc           0%         N/A       50%         1
 Freeze                   Ice            0%         1d3       50%         1
 Kiss of Death            Conj/Necr      0%         2d5       50%         1
 Magic Dart               Conj           0%         1d3       50%         1
 Necrotise                Necr           0%         1d4       50%         1
 Sandblast                Erth           0%         2d4       50%         1
 Shock                    Conj/Air       0%         1d3       50%         1
 Slow                     Hex            0%         N/A       50%         1
 Blink                    Tloc           0%         N/A       65%         2
 Ensorcelled Hibernation  Hex/Ice        0%         N/A       65%         2
 Lesser Beckoning         Tloc           0%         N/A       65%         2
 Momentum Strike          Conj/Tloc      0%         3d8       65%         2
 Passwall                 Tmut/Erth      0%         N/A       65%         2
 Static Discharge         Conj/Air       0%         2-2/arc   65%         2
 Wereblood                Tmut           0%         N/A       65%         2
 Call Canine Familiar     Summ           0%         N/A       87%         3
 Confusing Touch          Hex            0%         N/A       87%         3
 Dazzling Flash           Conj/Hex       0%         N/A       87%         3
 Frozen Ramparts          Ice            0%         1d1       87%         3
 Gell's Gravitas          Tloc           0%         N/A       87%         3
 Hailstorm                Conj/Ice       0%         3d3       87%         3
 Ignite Poison            Fire/Tmut/Pois 0%         N/A       87%         3
 Inner Flame              Hex/Fire       0%         N/A       87%         3
 Mephitic Cloud           Conj/Pois/Air  0%         N/A       87%         3
 Ozocubu's Armour         Ice            0%         N/A       87%         3
 Portal Projectile        Hex/Tloc       0%         N/A       87%         3
 Stone Arrow              Conj/Erth      0%         3d7       87%         3
 Swiftness                Air            0%         N/A       87%         3
 Teleport Other           Tloc           0%         N/A       87%         3
 Tukima's Dance           Hex            0%         N/A       87%         3
 Vampiric Draining        Necr           0%         2d6       87%         3
 Vhi's Electric Charge    Tloc/Air       0%         N/A       87%         3
 Airstrike                Air            0%         2d(0-16)  99%         4
 Anguish                  Hex/Necr       0%         N/A       99%         4
 Animate Dead             Necr           0%         N/A       99%         4
 Dispel Undead            Necr           0%         3d6       99%         4
 Flame Wave               Conj/Fire      0%         2d4       99%         4
 Leda's Liquefaction      Hex/Erth       0%         N/A       99%         4
 Manifold Assault         Tloc           0%         N/A       99%         4
 Olgreb's Toxic Radiance  Pois           0%         N/A       99%         4
 Passage of Golubria      Tloc           0%         N/A       99%         4
 Petrify                  Tmut/Erth      0%         N/A       99%         4
 Summon Ice Beast         Ice/Summ       0%         N/A       99%         4
 Agony                    Necr           0%         N/A       100%        5
 Alistair's Intoxication  Tmut/Pois      0%         N/A       100%        5
 Arcjolt                  Conj/Air       0%         1d10      100%        5
 Blade Hands              Tmut           0%         N/A       100%        5
 Borgnjor's Vile Clutch   Necr/Erth      0%         N/A       100%        5
 Freezing Cloud           Conj/Ice/Air   0%         6-21      100%        5
 Irradiate                Conj/Tmut      0%         3d11      100%        5
 Metabolic Englaciation   Hex/Ice        0%         N/A       100%        5
 Silence                  Hex/Air        0%         N/A       100%        5
 Summon Forest            Summ/Tloc      0%         N/A       100%        5
 Summon Mana Viper        Hex/Summ       0%         N/A       100%        5
 Yara's Violent Unravell  Hex/Tmut       0%         3d3       100%        5
 Conjure Ball Lightning   Conj/Air       0%         3x3d6     100%        6
 Death Channel            Necr           0%         N/A       100%        6
 Eringya's Noxious Bog    Tmut/Pois      0%         N/A       100%        6
 Simulacrum               Ice/Necr       0%         N/A       100%        6
 Summon Cactus Giant      Summ           0%         N/A       100%        6
 Dragon Form              Tmut           0%         N/A       100%        7
 Monstrous Menagerie      Summ           0%         N/A       100%        7
 Ozocubu's Refrigeration  Ice            0%         4d7       100%        7
 Storm Form               Tmut/Air       0%         N/A       100%        7
 Summon Hydra             Summ           0%         N/A       100%        7
 Discord                  Hex            0%         N/A       100%        8
 Disjunction              Tloc           0%         N/A       100%        8
 Ignition                 Fire           0%         3d3       100%        8
 Lehudib's Crystal Spear  Conj/Erth      0%         10d2      100%        8
 Maxwell's Capacitive Co  Air            0%         ∞         100%        8
 Chain Lightning          Conj/Air       0%         N/A       100%        9
 Dragon's Call            Summ           0%         N/A       100%        9
 Fire Storm               Conj/Fire      0%         5d1       100%        9
 Polar Vortex             Ice            0%         N/A       100%        9
 Shatter                  Erth           0%         3d5*      100%        9
 Sublimation of Blood     Necr           Unusable   N/A       N/A         2

Dungeon Overview and Level Annotations

Branches:
Dungeon (15/15)            Temple (1/1) D:4            Lair (5/5) D:8
  Swamp (4/4) Lair:3        Snake (4/4) Lair:3        Slime (1/5) Lair:5
    Orc (2/2) D:12            Elf (3/3) Orc:2        Vaults (5/5) D:14
  Crypt (3/3) Vaults:3       Tomb (2/3) Crypt:3      Depths (4/4) D:15
   Hell (visited)             Dis (0/7) Hell            Geh (0/7) Hell
    Tar (0/7) Hell            Zot (5/5) Depths:4      Sewer (visited)
  IceCv (visited)         Desolation (visited)
    Coc: Hell:1

Altars:
Ashenzari
Cheibriados
Dithmenos
Elyvilon
Fedhas
Gozag
Hepliaklqana
Kikubaaqudgha
Makhleb
Nemelex Xobeh
Okawaru
Qazlal
Ru
Sif Muna
Trog
Uskayaw
Vehumet
Wu Jian
Xom
Yredelemnul
Zin
Jiyva

Shops:
D:6 =   D:12 *   Orc:2 ?=((   Snake:2 :!   Vaults:1 (   Vaults:2 =   Vaults:3 (
Depths:1 *:*

Portals:
Hell: Depths:1 Depths:2 Depths:3 Depths:4
Abyss: Depths:2 Depths:3
Pandemonium: Depths:2 Depths:3
Ziggurat: Depths:1
Trove: D:10 (give +2 shadow dragon scales)

Annotations:
Elf:3 3 runed translucent doors, Zanapn's ghost, journeyman DEAE
Vaults:3 1 runed translucent door, Peona's ghost, veteran MiGl
Hell exclusion: 2 ice statues
Zot:5 3 runed translucent doors, Voqoasirir's ghost, veteran TeAE


Innate Abilities, Weirdness & Mutations

You are immune to sickness and miasma.
Your stone body is resilient. (AC +20)
You are immune to poison.
Your large and strong wings let you fly.
You resist negative energy. (rN+)
You are resistant to electric shocks. (rElec)
You are resistant to unholy torment.
You are immune to petrification.
You passively map a small area around you.
You are vulnerable to heat. (rF-)
Your spells are a little easier to cast, but a little less powerful.


Message History

The Orb Guardian is severely wounded.
The Orb Guardian hits you but does no damage.
You spin and attack the Orb Guardian repeatedly.
You completely miss the Orb Guardian.
The Orb Guardian is severely wounded.
You bludgeon the Orb Guardian!! You burn the Orb Guardian!
You kill the Orb Guardian!
The Council accepts your kill.
You can drink potions again.
The ghost moth stares at you. x2
You feel your dexterity returning.
Okay, then.
The orb of fire emits a lurid red light.
The bolt of fire hits the orb of fire.
The orb of fire completely resists.
The bolt of fire hits you but does no damage.
The ancient lich attacks as you move away!
The ancient lich misses you.
The ancient lich touches you but does no damage.
The ancient lich attacks as you move away!
The ancient lich completely misses you. The ghost moth stares at you.
You feel your power leaking away.
The death cob is engulfed in a cloud of scalding steam.
The death cob is engulfed in a cloud of scalding steam.
The Orb Guardian is engulfed in a cloud of scalding steam.
The ancient lich touches you but does no damage.
The ancient lich is no longer moving quickly.
The orb of fire glows bright magenta.
The bolt of fire misses you.
The Killer Klown blinks!
The Killer Klown blinks!
You spin and attack the orb of fire repeatedly.
You hit the orb of fire but do no damage.
You thump the orb of fire!
The orb of fire is lightly damaged.
There is an escape hatch in the ceiling here.
The ghost moth stares at you.
You feel your power leaking away.
The orb of fire glows red.
The fireball explodes!
The fireball engulfs you!!!
You die...

.Z.#........~~###~~.## ##...#)..#
Z.##........p~~#~~...###...###...
ZZZ#########.p~~~.....#...## ##..
+### #.~D#~~.#.....## ##. ..#
###.~###~..#.^.## ## ..#
#...y~#~~.....## ##. ###
#.#z.XL~.....## ##.. ######
##.##.**.....## ##... .....#
#..⌠....@...## ##...# ⌠....#
#..........## ##...## ..####
##..######## ##...## ))# #..#
#...## .)# #..# ##.## .)# #..#
### ### ..# #..# ##.##
..########..##########...#
........................#


You could see 2 orbs of fire, 2 Killer Klowns, an ancient lich (invisible), a
death cob, a quicksilver dragon, an Orb Guardian and a ghost moth (invisible).

Vanquished Creatures
  3 dread liches
  2 ancient liches
  2 juggernauts (Depths:2)
  5 royal mummies
  Sojobo (Depths:3)
  3 Killer Klowns (Zot:5)
  Margery (Vaults:2)
  A shard shrike (Zot:2)
  3 curse toes
  Geryon (Hell)
  4 caustic shrikes (Depths:4)
  Jory (Depths:4)
  9 golden dragons
  7 doom hounds
  5 bone dragons
  4 electric golems
  Zenata (Vaults:2)
  A shard shrike skeleton (Crypt:3)
  10 Orb Guardians (Zot:5)
  A hellephant (Zot:2)
  16 tentacled monstrosities
  A walking crystal tome (Depths:2)
  9 liches
  A walking earthen tome (Depths:4)
  7 titans
  A deep elf blademaster (Elf:3)
  9 quicksilver dragons
  6 ancient champions (Crypt:3)
  2 walking divine tomes (Depths:2)
  Grunn (Depths:3)
  14 sphinxes
  A kraken (Swamp:1)
  8 death cobs
  3 deep elf master archers (Elf:3)
  2 thorn hunters (Swamp:1)
  10 shadow dragons
  Kirke (Lair:5)
  8 tengu reavers
  An azure jelly (shapeshifter) (Depths:3)
  Donald (Vaults:3)
  8 storm dragons
  8 draconian monks
  5 nagarajas (Snake:4)
  11 fire giants
  14 frost giants
  4 revenants
  Louise (Swamp:1)
  2 curse skulls
  An imperial myrmidon (Desolation)
  5 iron dragons
  5 deep elf sorcerers
  4 draconian knights
  11 draconian scorchers
  A balrug (Depths:2)
  28 vault wardens
  3 ghost moths
  6 deep elf elementalists
  11 ghouls
  3 spectral caustic shrikes (Depths:1)
  3 draconian shifters
  19 ironbound preservers
  3 orc warlords
  4 draconian annihilators
  10 draconian stormcallers
  2 caustic shrike skeletons
  A caustic shrike zombie (Crypt:3)
  2 juggernaut skeletons (Crypt:3)
  The ghost of Decipherer the Bludgeoner, a journeyman MiBe of Trog (Orc:2)
  14 reapers
  9 ironbound thunderhulks
  18 stone giants
  33 very ugly things
  4 war gargoyles
  A spriggan defender (Depths:2)
  10 vampire knights
  14 green draconians
  7 eleionomae
  A lorocyproca (Depths:4)
  A spectral titan (Crypt:3)
  8 deep elf annihilators
  4 deep elf demonologists
  17 purple draconians
  20 white draconians
  4 halazid warlocks (Desolation)
  4 putrid mouths
  A bennu (Tomb:1)
  11 black draconians
  18 red draconians
  5 bunyips
  A minotaur (Orc:2)
  20 dire elephants
  12 spark wasps
  Snorg (D:13)
  A crystal guardian (Desolation)
  10 deep elf death magi
  2 eidola (Crypt:3)
  Josephine (D:12)
  8 yellow draconians
  12 ettins
  3 blizzard demons
  6 mummy priests (Tomb:1)
  13 yaktaur captains
  12 fire dragons
  12 jiangshi
  2 entropy weavers
  35 vault guards
  3 shambling mangroves
  5 great orbs of eyes
  4 ragged hierophants (Desolation)
  7 deep elf high priests
  3 rakshasas
  16 hydras
  3 servants of whispers (Desolation)
  A hydra (shapeshifter) (Vaults:5)
  A spectral shadow dragon (Crypt:3)
  17 ice dragons
  5 ghost crabs
  A quicksilver dragon skeleton (Crypt:3)
  6 spriggan air magi
  3 salamander tyrants (Snake:4)
  2 ogre magi (Vaults:1)
  5 peacekeepers
  12 ironbound frosthearts
  4 two-headed ogres
  14 anacondas
  A catoblepas (Lair:2)
  7 alligators
  4 death knights
  8 centaur warriors
  9 boulder beetles
  17 death scarabs (Tomb:2)
  13 deep troll shamans
  4 hell hogs
  13 death yaks
  11 deep troll earth magi
  6 tengu warriors
  7 vampire magi
  27 dancing weapons
  2 shock serpents (Snake:1)
  An orc high priest (Elf:3)
  A spectral storm dragon (Crypt:3)
  12 naga sharpshooters
  A spectral naga (Crypt:3)
  A shock serpent (shapeshifter) (Vaults:5)
  12 naga warriors
  3 spriggan berserkers
  Urug (Lair:5)
  33 hell knights
  4 soul eaters
  Sonja (Orc:2)
  14 deep elf knights
  A fire crab (shapeshifter) (Vaults:5)
  3 fire crabs (Swamp:4)
  5 titan skeletons
  49 skeletal warriors
  2 shadow wraiths
  A spectral bunyip (Crypt:3)
  8 sun demons
  9 goliath frogs
  2 salamander mystics
  4 spriggan druids
  A death drake (Swamp:1)
  A quicksilver dragon simulacrum (Crypt:3)
  2 sea snakes (shapeshifter)
  2 anaconda zombies
  A glowing orange brain (Vaults:2)
  15 iron trolls
  A sixfirhy (Depths:3)
  5 sea snakes
  4 flayed ghosts
  49 deep trolls
  5 wizards
  9 naga ritualists
  7 deep elf archers
  19 ironbound convokers
  A jorogumo zombie (Crypt:2)
  An orange crystal statue (Swamp:1)
  9 swamp dragons
  8 bog bodies
  2 bunyip skeletons (Crypt:3)
  20 deep elf zephyrmancers
  An iron giant skeleton (Crypt:2)
  A shadow demon (Depths:3)
  14 phantasmal warriors
  16 necromancers
  13 lindwurms
  25 deep elf pyromancers
  An orc sorcerer (Orc:1)
  14 orc knights
  2 stone giant zombies
  12 mana vipers
  17 ugly things
  An oklob plant (Snake:4)
  3 will-o-the-wisps
  A tengu skeleton (Vaults:2)
  A fire giant zombie (D:15)
  A wolf spider (shapeshifter) (Depths:3)
  A mana viper (shapeshifter) (Depths:2)
  A spectral fire dragon (Crypt:3)
  11 salamanders
  4 manticores
  A sphinx skeleton (Vaults:2)
  A fire giant skeleton (Vaults:2)
  18 moths of wrath
  9 cyclopes
  Joseph (D:7)
  2 ice statues (IceCv)
  9 elephants
  44 black mambas
  6 guardian serpents
  A torpor snail (Lair:3)
  20 vault sentinels
  2 demonic crawlers
  9 rust devils
  5 smoke demons
  A stone giant skeleton (Crypt:3)
  An elephant slug zombie (Crypt:3)
  4 molten gargoyles
  9 naga magi
  A spriggan zombie (D:15)
  7 cane toads
  An unseen horror (shapeshifter) (D:15)
  A yaktaur zombie (Vaults:2)
  2 gargoyles
  A yaktaur (shapeshifter) (Elf:3)
  4 centaur skeletons
  3 hellions
  2 rime drakes
  3 elf zombies
  A minotaur zombie (Crypt:3)
  61 yaktaurs
  4 efreet
  7 komodo dragons
  A shock serpent skeleton (Crypt:2)
  6 freezing wraiths
  A kobold demonologist (D:12)
  3 tormentors
  13 guardian mummies
  An elf skeleton (Vaults:1)
  13 tyrant leeches
  A bloated husk (Swamp:4)
  A redback zombie (Crypt:1)
  4 spriggan skeletons
  10 ice devils
  13 hornets
  A polar bear (shapeshifter) (D:13)
  7 trolls
  3 polar bears
  A hydra skeleton (Crypt:3)
  A shadow dragon simulacrum (Vaults:1)
  32 blink frogs
  A sphinx simulacrum (Vaults:1)
  An ettin zombie (Vaults:2)
  A satyr zombie (Crypt:3)
  Prince Ribbit (D:6)
  4 harpy skeletons (Crypt:3)
  A spectral swamp dragon (Crypt:3)
  5 dream sheep
  30 saltlings (Desolation)
  A frost giant simulacrum (Vaults:3)
  A snapping turtle (shapeshifter) (Vaults:5)
  A large abomination (Elf:1)
  A deep troll zombie (Vaults:3)
  A centaur simulacrum (Crypt:3)
  A fire giant simulacrum (Vaults:1)
  4 ettin skeletons
  29 flying skulls
  A fire dragon skeleton (Crypt:1)
  A slime creature (shapeshifter) (Depths:2)
  A dire elephant simulacrum (Tomb:2)
  11 water elementals
  49 slime creatures
  10 wraiths
  30 yaks
  3 ushabtiu
  Sigmund (D:3)
  29 spriggans
  6 wyverns
  3 fire elementals
  A culicivora (shapeshifter) (D:15)
  2 humans (D:7)
  Menkaure (D:7)
  A chaos spawn (Depths:3)
  3 basilisks
  A slime creature zombie (Crypt:3)
  A hog (Lair:5)
  A death yak simulacrum (IceCv)
  8 steam dragons
  2 redbacks
  A two-headed ogre zombie (Crypt:1)
  An acid dragon (D:14)
  10 wargs
  A glowing shapeshifter zombie (Vaults:3)
  41 nagas
  15 vampire mosquitoes
  21 swamp worms
  7 water moccasins
  A glowing shapeshifter skeleton (D:15)
  2 ogre zombies (Vaults:1)
  2 human simulacra (Vaults:1)
  2 hydra simulacra (Zot:2)
  3 ice beasts
  8 swamp drakes (Swamp:4)
  Duvessa (D:7)
  39 orc warriors
  A sky beast (D:8)
  6 black bears
  A human zombie (Vaults:1)
  A sky beast (shapeshifter) (Elf:1)
  An ettin simulacrum (Crypt:3)
  6 ogres
  3 boggarts (Lair:5)
  19 wolves
  A blink frog skeleton (Crypt:3)
  7 centaurs
  A phantom (D:5)
  A human skeleton (Vaults:1)
  11 bullfrogs
  5 gnoll sergeants
  A necrophage (D:7)
  2 scorpions
  6 earth elementals
  2 two-headed ogre simulacra (IceCv)
  A cane toad simulacrum (IceCv)
  9 wights
  2 elephant simulacra (IceCv)
  Dowan (D:7)
  A queen bee zombie (Crypt:1)
  2 shapeshifter skeletons
  A raiju skeleton (Crypt:3)
  6 howler monkeys
  4 electric eels
  4 lava snakes
  4 hounds
  5 jellies
  7 orc priests
  4 gnoll boudas
  4 iguanas
  Terence (D:3)
  A basilisk skeleton (Crypt:3)
  2 black bear skeletons (Crypt:3)
  13 orc wizards
  2 hell rats (Lair:3)
  A troll simulacrum (IceCv)
  3 polar bear simulacra (IceCv)
  5 spriggan simulacra
  2 wolf simulacra (IceCv)
  4 naga skeletons
  19 mummies
  11 adders
  39 gnolls
  A howler monkey skeleton (Crypt:1)
  17 river rats
  3 naga simulacra
  A swamp drake skeleton (Crypt:2)
  4 white imps
  2 ufetubi
  An adder skeleton (Crypt:2)
  An iguana skeleton (Crypt:2)
  6 worms
  A dart slug (D:3)
  77 orcs
  3 bats
  A bat skeleton (Crypt:2)
  5 endoplasms
  2 giant cockroaches
  6 goblins
  8 hobgoblins
  9 jackals
  14 kobolds
  5 quokkas
  11 ball pythons
  5 frilled lizards
  A kobold skeleton (Crypt:1)
  14 rats
  2 fungi (Depths:1)
  A plant (Depths:1)
  5 tentacles (Swamp:1)
2605 creatures vanquished.

Vanquished Creatures (others)
  2 liches
  2 fire giants
  A bennu (Tomb:1)
  3 death scarabs (Tomb:2)
  2 deep elf knights (Elf:3)
  2 deep elf zephyrmancers
  A bloated husk (Swamp:1)
  A saltling (Desolation)
  A naga (Snake:1)
  A water moccasin (Lair:5)
  A swamp drake (Swamp:4)
  2 humans
  A mummy (Tomb:2)
  An orc (Vaults:5)
  A jackal (D:6)
  16 foxfires (Swamp:4)
  34 fungi
  40 plants
  3 tentacles (Swamp:1)
  4 withered plants (D:15)
119 creatures vanquished.

Grand Total: 2724 creatures vanquished

Notes
Turn   | Place    | Note
-------+----------+-------------------------------------------
     0 | D:1      | Serus the Gargoyle Fighter began the quest for the Orb.
     0 | D:1      | Reached XP level 1. HP: 14/14 MP: 1/1
    87 | D:1      | Reached XP level 2. HP: 19/19 MP: 2/2
   649 | D:1      | Reached XP level 3. HP: 13/24 MP: 3/3
   968 | D:2      | Found a faded altar of an unknown god.
  1035 | D:2      | Reached XP level 4. HP: 23/29 MP: 4/4
  1453 | D:3      | Found a blossoming altar of Fedhas.
  1508 | D:3      | Found a bloodstained altar of Trog.
  1558 | D:3      | Noticed Terence
  1566 | D:3      | Killed Terence
  1567 | D:3      | Reached XP level 5. HP: 26/33 MP: 5/5
  1750 | D:3      | Identified the +8 quarterstaff "Ufidio" {flame, Contam
                  | *Corrode Str+9 Dex+4}
  1806 | D:3      | Noticed Sigmund
  1832 | D:3      | Killed Sigmund
  1833 | D:3      | Reached XP level 6. HP: 25/38 MP: 6/6
  2247 | D:3      | Found a snail-covered altar of Cheibriados.
  2466 | D:4      | Reached skill level 1 in Dodging
  2540 | D:4      | Found a staircase to the Ecumenical Temple.
  2635 | D:4      | Reached skill level 1 in Staves
  2635 | D:4      | Reached XP level 7. HP: 44/44 MP: 7/7
  2749 | D:4      | Reached skill level 1 in Stealth
  3071 | Temple   | Entered the Ecumenical Temple
  3164 | Temple   | Became a worshipper of the Wu Jian Council
  3532 | D:5      | Entered Level 5 of the Dungeon
  3635 | D:5      | Reached skill level 5 in Armour
  3657 | D:5      | Reached XP level 8. HP: 48/48 MP: 8/8
  3674 | D:5      | Found a basalt altar of Yredelemnul.
  3819 | D:5      | Reached skill level 5 in Fighting
  3966 | D:5      | Found an opulent altar of Gozag.
  4162 | D:6      | Found a glowing drain.
  4171 | Sewer    | Entered a sewer
  4344 | Sewer    | Reached * piety under Wu Jian
  4536 | D:6      | Reached skill level 5 in Staves
  4861 | D:6      | Reached XP level 9. HP: 44/54 MP: 9/9
  4952 | D:6      | Reached ** piety under Wu Jian
  5065 | D:6      | Found Yninlil's Jewellery Shoppe.
  5122 | D:6      | Noticed Prince Ribbit
  5134 | D:6      | Killed Prince Ribbit
  5176 | D:6      | Identified the +4 ring mail of Paranoia {Int+5 Dex+4
                  | Slay-4}
  5374 | D:7      | Noticed Menkaure
  5381 | D:7      | Killed Menkaure
  5483 | D:7      | Noticed Duvessa
  5484 | D:7      | Noticed Dowan
  5509 | D:7      | Killed Duvessa
  5511 | D:7      | Killed Dowan
  5564 | D:7      | Found an iron altar of Okawaru.
  5618 | D:7      | Noticed Joseph
  5640 | D:7      | Killed Joseph
  5641 | D:7      | Reached XP level 10. HP: 61/61 MP: 10/10
  5747 | D:7      | Found a hide-covered altar of Uskayaw.
  5928 | D:7      | Found a hazy altar of Hepliaklqana.
  6269 | D:8      | Found a broken altar of Ashenzari.
  6490 | D:8      | Found an ancient bone altar of Kikubaaqudgha.
  6495 | D:8      | Found a staircase to the Lair.
  6576 | D:8      | Reached *** piety under Wu Jian
  6712 | D:9      | Noticed a tengu warrior
  6715 | D:9      | Reached skill level 10 in Staves
  6721 | D:9      | Killed a tengu warrior
  6792 | D:9      | Found a glowing silver altar of Zin.
  6930 | D:9      | Noticed a two-headed ogre
  7115 | D:9      | Killed a two-headed ogre
  7116 | D:9      | Reached XP level 11. HP: 67/67 MP: 11/11
  7119 | D:9      | Found the +18 Lear's hauberk
  7165 | D:9      | Gained mutation: You occasionally lose the ability to read
                  | scrolls when taking damage. [mutagenic glow]
  7168 | D:9      | Lost mutation: You occasionally lose the ability to read
                  | scrolls when taking damage. [potion of mutation]
  7168 | D:9      | Gained mutation: Your muscles are strong. (Str +4, Int/Dex
                  | -1) [potion of mutation]
  7168 | D:9      | Gained mutation: You have hidden genetic defects. [potion
                  | of mutation]
  7168 | D:9      | Gained mutation: You have large cloven feet. [potion of
                  | mutation]
  7609 | D:10     | Entered Level 10 of the Dungeon
  7668 | D:10     | Found a radiant altar of Vehumet.
  7742 | D:10     | Found a shimmering altar of Xom.
  7892 | D:10     | Gained mutation: You are frail. (-10% HP) [hidden defects]
  8087 | D:10     | Found a portal to a secret trove of treasure.
  8290 | D:10     | Found a burning altar of Makhleb.
  8317 | D:11     | Noticed a boulder beetle
  8390 | D:10     | Killed a boulder beetle
  8403 | D:11     | Noticed a boulder beetle
  8403 | D:11     | Noticed a two-headed ogre
  8457 | D:10     | Killed a two-headed ogre
  8468 | D:10     | Gained mutation: You occasionally lose the ability to drink
                  | potions when taking damage. [hidden defects]
  8468 | D:10     | Lost mutation: You have hidden genetic defects. [hidden
                  | defects expressed]
  8474 | D:11     | Killed a boulder beetle
  8480 | D:11     | Reached **** piety under Wu Jian
  8577 | D:11     | Noticed a red ugly thing
  8582 | D:11     | Killed a red ugly thing
  9065 | D:12     | Reached skill level 1 in Throwing
  9073 | D:12     | Identified the +5 rapier of Makhleb's Vengeance {protect,
                  | rN+}
  9182 | D:12     | Reached XP level 12. HP: 60/68 MP: 12/12
  9191 | D:12     | Found Vymew's Assorted Antiques.
  9378 | D:12     | Found a frozen archway.
  9390 | IceCv    | Entered an ice cave
  9775 | IceCv    | Reached skill level 10 in Armour
  9918 | IceCv    | Reached ***** piety under Wu Jian
  9923 | IceCv    | Reached skill level 10 in Fighting
  9933 | IceCv    | Noticed a reaper
  9948 | IceCv    | Killed a reaper
 10237 | D:12     | Found a staircase to the Orcish Mines.
 10242 | D:12     | Noticed Josephine
 10249 | D:12     | Killed Josephine
 10704 | D:13     | Identified the +9 spear of Ybrixtan {freeze, rPois rC+
                  | Str-2}
 10725 | D:13     | Noticed Snorg
 10726 | D:13     | Noticed a boulder beetle
 10730 | D:13     | Killed Snorg
 10743 | D:13     | Killed a boulder beetle
 10744 | D:13     | Reached XP level 13. HP: 50/75 MP: 13/13
 12080 | D:14     | You fall into a shaft and drop 1 floor!
 12080 | D:15     | Entered Level 15 of the Dungeon
 12481 | D:14     | Reached skill level 5 in Dodging
 12541 | D:14     | Found a gate to the Vaults.
 12541 | D:14     | Noticed an ironbound preserver
 12559 | D:14     | Killed an ironbound preserver
 13353 | D:15     | Gained mutation: Your large and strong wings let you fly.
                  | [Gargoyle growth]
 13353 | D:15     | Reached XP level 14. HP: 76/84 MP: 14/14
 13485 | D:15     | Found a staircase to the Depths.
 14092 | Orc:1    | Entered Level 1 of the Orcish Mines
 14594 | Orc:2    | Entered Level 2 of the Orcish Mines
 14626 | Orc:2    | Noticed Sonja
 14665 | Orc:2    | Killed Sonja
 14666 | Orc:2    | Reached skill level 5 in Stealth
 14797 | Orc:2    | Found Qydghaesta's Magic Scroll Boutique.
 14797 | Orc:2    | Found Kewkothry's Jewellery Emporium.
 14854 | Orc:2    | Bought the ring of Enyko {Will++ EV+5} for 627 gold pieces
 14990 | Orc:2    | Found a staircase to the Elven Halls.
 15016 | Orc:2    | Found Puraicy's Weapon Emporium.
 15043 | Orc:2    | Found Hibal's Weapon Boutique.
 15189 | Orc:2    | Found a runed translucent gate.
 15189 | Orc:2    | Found a runed translucent gate.
 15189 | Orc:2    | Found a runed translucent gate.
 15204 | Orc:2    | Noticed Decipherer's ghost (journeyman MiBe)
 15528 | Orc:2    | Reached skill level 15 in Fighting
 15545 | Orc:2    | Killed Decipherer's ghost
 15869 | Lair:1   | Entered Level 1 of the Lair of Beasts
 16353 | Lair:1   | You are sucked into a shaft and drop 1 floor!
 16450 | Lair:2   | Found a snail-covered altar of Cheibriados.
 16570 | Lair:2   | Reached skill level 15 in Armour
 17183 | Lair:3   | Reached XP level 15. HP: 88/93 MP: 15/15
 17599 | Lair:3   | Found a staircase to the Snake Pit.
 17799 | Lair:3   | Found a staircase to the Swamp.
 18182 | Lair:4   | Reached ****** piety under Wu Jian
 18874 | Lair:5   | Entered Level 5 of the Lair of Beasts
 18876 | Lair:5   | Found a staircase to the Slime Pits.
 18876 | Lair:5   | Found a viscous altar of Jiyva.
 18913 | Lair:5   | Noticed Kirke
 18923 | Lair:5   | Killed Kirke
 19284 | Lair:5   | Noticed Urug
 19293 | Lair:5   | Killed Urug
 19684 | Lair:5   | Reached XP level 16. HP: 104/104 MP: 16/16
 20093 | Snake:1  | Entered Level 1 of the Snake Pit
 21035 | Snake:1  | You are sucked into a shaft and drop 1 floor!
 21136 | Snake:2  | Found Meocs's Distillery.
 21552 | Snake:2  | Found Butokabb's Book Shoppe.
 22409 | Snake:2  | Upgraded the game from 0.30-a0-719-gcc4359ea44 to
                  | 0.30-a0-728-gc68057be0a
 23057 | Snake:3  | Reached XP level 17. HP: 112/112 MP: 17/17
 23169 | Snake:3  | Identified the +2 leather armour of Birdsong {Dex+2}
 23688 | Snake:4  | Entered Level 4 of the Snake Pit
 23688 | Snake:4  | Found a burning altar of Makhleb.
 25511 | Snake:4  | Noticed a quicksilver dragon
 25511 | Snake:4  | Noticed a quicksilver dragon
 25527 | Snake:4  | Killed a quicksilver dragon
 25530 | Snake:4  | Killed a quicksilver dragon
 25667 | Snake:4  | Got a serpentine rune of Zot
 25831 | Swamp:1  | Entered Level 1 of the Swamp
 25831 | Swamp:1  | Found a transporter.
 25835 | Swamp:1  | Noticed a tentacled monstrosity
 25842 | Swamp:1  | Noticed a tentacled monstrosity
 25845 | Swamp:1  | Found a transporter.
 25920 | Swamp:1  | Noticed a kraken
 25938 | Swamp:1  | Killed a kraken
 26309 | Swamp:1  | Noticed Louise
 26327 | Swamp:1  | Killed Louise
 26364 | Swamp:1  | Reached XP level 18. HP: 121/121 MP: 18/18
 27665 | Swamp:4  | Entered Level 4 of the Swamp
 28697 | Swamp:4  | Got a decaying rune of Zot
 29195 | Depths:1 | Entered Level 1 of the Depths
 29260 | Vaults:1 | Entered Level 1 of the Vaults
 29260 | Vaults:1 | Found Pexkanob's Antique Weapon Shop.
 29429 | Vaults:1 | Reached XP level 19. HP: 76/129 MP: 19/19
 29737 | Vaults:1 | Identified the +8 dagger "Erhythruxt" {freeze, rElec Dex-5
                  | SInv}
 31614 | Depths:1 | Found a one-way gateway to a ziggurat.
 31810 | Depths:1 | You are sucked into a shaft and drop 1 floor!
 31862 | Depths:2 | Reached XP level 20. HP: 119/137 MP: 20/20
 31877 | Depths:2 | Noticed a golden dragon
 31884 | Depths:2 | Killed a golden dragon
 31933 | Depths:2 | Reached skill level 10 in Dodging
 32181 | Depths:2 | Noticed a juggernaut
 32197 | Depths:2 | Killed a juggernaut
 32363 | Depths:2 | Noticed a juggernaut
 32375 | Depths:2 | Killed a juggernaut
 32770 | Depths:2 | Identified the ring "Betogeym" {*Corrode Will++ Str+3 Dex+2
                  | SInv}
 33234 | Depths:1 | Found a gateway to Hell.
 33316 | Depths:1 | Identified the +8 shortbow "Johutipt" {elec, rElec Str-4
                  | SInv}
 33452 | Depths:1 | Found Doguugoj's General Store.
 33480 | Depths:1 | Found Nolati's Book Emporium.
 33484 | Depths:1 | Found Arphaot's Assorted Antiques.
 33492 | Depths:1 | Bought an embroidered scarf for 232 gold pieces
 34055 | Depths:1 | HP: 2/140 [deep troll earth mage (17)]
 34123 | Depths:1 | Lost mutation: You have large cloven feet. [potion of
                  | mutation]
 34123 | Depths:1 | Lost mutation: You are frail. (-10% HP) [potion of
                  | mutation]
 34123 | Depths:1 | Gained mutation: You have hidden genetic potential. [potion
                  | of mutation]
 34470 | Vaults:1 | Reached skill level 27 in Fighting
 34490 | Vaults:1 | Reached XP level 21. HP: 114/163 MP: 21/21
 35386 | Vaults:2 | Found Kom Giub's Jewellery Emporium.
 35609 | Vaults:2 | Noticed Margery
 35668 | Vaults:2 | Killed Margery
 37095 | Vaults:2 | You are sucked into a shaft and drop 2 floors!
 37932 | Vaults:3 | Identified the amulet "Anwae" {Spirit rN+ MP+9 Str+3}
 37936 | Vaults:3 | Identified the +3 scale mail of the Marlin {rPois Str+3}
 37976 | Vaults:3 | Found a staircase to the Crypt.
 38053 | Vaults:3 | Gained mutation: You are strong-willed. (Will+) [hidden
                  | potential]
 38396 | Vaults:3 | Found Disaujuunu's Weapon Shoppe.
 38583 | Vaults:3 | Found a runed translucent door.
 38583 | Vaults:3 | Found a shimmering altar of Xom.
 38583 | Vaults:3 | Noticed Peona's ghost (veteran MiGl)
 38583 | Vaults:3 | Identified the +5 war axe of Untimely Demise {chaos,
                  | Fragile rElec Int+3}
 39315 | Vaults:4 | Noticed Zenata
 39380 | Vaults:3 | Reached XP level 22. HP: 156/169 MP: 22/22
 39865 | Vaults:2 | Killed Zenata
 40987 | Vaults:4 | Noticed Donald
 41082 | Vaults:3 | Killed Donald
 42093 | Vaults:5 | Entered Level 5 of the Vaults
 42093 | Vaults:5 | Noticed an ancient lich
 42449 | Elf:1    | Entered Level 1 of the Elven Halls
 42464 | Elf:1    | Reached skill level 15 in Staves
 42807 | Elf:1    | Got the Quarto of the Graveyard
 43444 | Elf:2    | Found a crumbling gateway.
 43452 | Desolati | Entered the Desolation of Salt
 43713 | Desolati | Identified the +10 chain mail of Azaewniph {Str+3 Slay+2}
 43723 | Desolati | Got the Thoughts on Energetic Despair
 43725 | Desolati | Identified the +5 trident of Dioroesa {freeze, Fragile
                  | rPois rN+++}
 43754 | Desolati | Found the ring of the Hare {EV+10}
 43783 | Desolati | Gained mutation: You are partially covered in iridescent
                  | scales. (AC +2) [hidden potential]
 43783 | Desolati | Lost mutation: You have hidden genetic potential. [hidden
                  | potential expressed]
 43796 | Desolati | Got the Elucidation of Brumal Beckoning
 43951 | Desolati | Got the Treatise on Ashes
 43966 | Desolati | Got the Commentary on Lightning and Hoarfrost
 44282 | Elf:2    | Identified the +3 chain mail of Defiance {Drain rPois
                  | Regen+ Str+5}
 44669 | Elf:2    | Found a runed translucent gate.
 44670 | Elf:2    | Found a runed translucent gate.
 44670 | Elf:2    | Found a runed translucent gate.
 44784 | Elf:2    | Reached XP level 23. HP: 166/175 MP: 23/23
 45274 | Elf:3    | Entered Level 3 of the Elven Halls
 45690 | Elf:3    | Found a runed translucent gate.
 45690 | Elf:3    | Found a runed translucent gate.
 45717 | Elf:3    | Found a runed translucent gate.
 45721 | Elf:3    | Noticed Zanapn's ghost (journeyman DEAE)
 46655 | Elf:3    | Identified the +1 leather armour of Defiance {Regen+ Dex+2}
 46670 | Elf:3    | Identified the +1 helmet "Poumemy" {rElec rCorr Str+4}
 46728 | Elf:3    | Identified the +4 spear "Ynweajonk" {heavy, *Corrode rPois
                  | MP+9 Int+5}
 46742 | Elf:3    | Found the +5 demon whip "Spellbinder" {antimagic, disrupt,
                  | Will+}
 46745 | Elf:3    | Identified the +4 mace of Eternal Vigilance {freeze, rElec
                  | rC+ Will+ Str+2 Int-3}
 46776 | Elf:3    | Identified the +1 mace "Fiskeukhy" {freeze, MP+9}
 46784 | Elf:3    | Identified the ring "Powehi" {rF+ Str+6 Dex-4 Stlth+}
 46793 | Elf:3    | Identified the +6 great sword of Circularity {freeze, MP+9
                  | Dex+2}
 46812 | Elf:3    | Identified the amulet "Suavic" {RegenMP rC+}
 46814 | Elf:3    | Got the Secrets of Conjury
 47428 | Depths:2 | Found a one-way gate to the infinite horrors of the Abyss.
 48009 | Depths:2 | Found a one-way gate leading to the halls of Pandemonium.
 48220 | Depths:2 | Found a glowing silver altar of Zin.
 49206 | Depths:3 | Noticed Grunn
 49222 | Depths:3 | Killed Grunn
 49531 | Depths:3 | Noticed Sojobo
 49541 | Depths:3 | Paralysed by an air elemental for 1 turns
 49554 | Depths:3 | Paralysed by an air elemental for 1 turns
 49556 | Depths:3 | Killed Sojobo
 49672 | Depths:3 | Reached XP level 24. HP: 149/181 MP: 23/23
 49963 | Depths:3 | Identified the ring of Qilaf {Ice rN+ Stlth+}
 50249 | Depths:3 | Identified the +1 plate armour of Mysticism {rF+}
 50379 | Depths:3 | Identified the +1 hand axe of Lyqyados {pain, SInv}
 50634 | Depths:3 | Reached XP level 25. HP: 71/187 MP: 23/26
 51041 | Depths:4 | Entered Level 4 of the Depths
 51387 | Depths:4 | Noticed Jory
 51407 | Depths:4 | Killed Jory
 51667 | Depths:4 | Found a gate to the Realm of Zot.
 52158 | Depths:4 | Got the Secrets of Arenous Venin
 53108 | Swamp:1  | Reached XP level 26. HP: 160/193 MP: 26/26
 53174 | Swamp:1  | Identified the ring "Trusted Companion" {rElec rN+ Dex-4
                  | SInv}
 53247 | Slime:1  | Entered Level 1 of the Pits of Slime
 53864 | Crypt:1  | Entered Level 1 of the Crypt
 54793 | Crypt:2  | Reached skill level 15 in Dodging
 55277 | Crypt:2  | Identified the +8 spear of the Reaper {heavy, rPois rF+ rN+
                  | Str-2}
 55682 | Crypt:3  | Entered Level 3 of the Crypt
 55682 | Crypt:3  | Found a staircase to the Tomb.
 55870 | Crypt:3  | Identified the +1 scale mail of the Wasteland {rN++ Regen+
                  | Dex+3}
 55890 | Crypt:3  | Identified the +0 pair of boots "Cakeus" {*Slow +Blink
                  | Int+3}
 55938 | Crypt:3  | Reached skill level 27 in Armour
 56130 | Crypt:3  | Found a basalt altar of Yredelemnul.
 56174 | Crypt:3  | Noticed a dread lich
 56220 | Crypt:3  | Killed a dread lich
 56227 | Crypt:3  | Found the +10 Black Knight's barding {ponderous, rPois rN+}
 56346 | Crypt:3  | Identified the +1 leather armour of Inquiry {rElec rC+
                  | Str+3}
 57148 | Crypt:3  | Reached XP level 27. HP: 187/199 MP: 26/26
 57369 | Tomb:1   | Entered Level 1 of the Tomb of the Ancients
 58504 | Tomb:1   | Noticed a royal mummy
 58515 | Tomb:1   | Killed a royal mummy
 58622 | Tomb:1   | Noticed a royal mummy
 58640 | Tomb:1   | Killed a royal mummy
 59172 | Hell     | Entered the Vestibule of Hell
 59172 | Hell     | Noticed Geryon
 59899 | Vaults:4 | Killed an ancient lich
 59907 | Vaults:5 | Noticed a dread lich
 59921 | Vaults:5 | Killed a dread lich
 59995 | Vaults:5 | Noticed an ancient lich
 60009 | Vaults:5 | Killed an ancient lich
 60203 | Vaults:5 | Got Josoted's Precepts of Contaminated Doom
 60205 | Vaults:5 | Identified the +9 broad axe of the Absolute Madman {drain,
                  | Int+3}
 60207 | Vaults:5 | Identified the +9 hand axe of the Flying Coward {drain, rC+
                  | Str+3 Int-2 SInv}
 60752 | Vaults:5 | Got a silver rune of Zot
 61908 | Zot:1    | Entered Level 1 of the Realm of Zot
 62385 | Zot:1    | You are sucked into a shaft and drop 1 floor!
 64053 | Tomb:2   | Noticed a royal mummy
 64098 | Tomb:2   | Noticed a royal mummy
 64098 | Tomb:2   | Noticed a royal mummy
 64106 | Tomb:2   | Killed a royal mummy
 64115 | Tomb:2   | Killed a royal mummy
 64123 | Tomb:2   | Noticed a royal mummy
 64123 | Tomb:2   | Killed a royal mummy
 64139 | Tomb:2   | Gained mutation: You sometimes lose your temper in combat.
                  | [mutagenic glow]
 64150 | Tomb:1   | Gained mutation: Your spells are a little easier to cast,
                  | but a little less powerful. [mutagenic glow]
 64268 | Tomb:2   | Gained mutation: You have an uncontrollable temper.
                  | [mutagenic glow]
 64280 | Tomb:2   | Gained mutation: You are dopey. (Int -2) [mutagenic glow]
 64291 | Tomb:2   | Gained mutation: Your body sometimes deteriorates upon
                  | taking damage. [mutagenic glow]
 64299 | Tomb:2   | Lost mutation: Your muscles are strong. (Str +4, Int/Dex
                  | -1) [mutagenic glow]
 64305 | Tomb:1   | Noticed a royal mummy
 64305 | Tomb:1   | Noticed a royal mummy
 64305 | Tomb:1   | Noticed a royal mummy
 64307 | Tomb:1   | Noticed a royal mummy
 64307 | Tomb:1   | Noticed a royal mummy
 64309 | Tomb:1   | Noticed a royal mummy
 64946 | Zot:1    | Upgraded the game from 0.30-a0-728-gc68057be0a to
                  | 0.30-a0-737-gf23d94013f
 65178 | Zot:2    | Lost mutation: You are strong-willed. (Will+) [potion of
                  | mutation]
 65178 | Zot:2    | Lost mutation: You are partially covered in iridescent
                  | scales. (AC +2) [potion of mutation]
 65179 | Zot:2    | Lost mutation: Your body sometimes deteriorates upon taking
                  | damage. [potion of mutation]
 65179 | Zot:2    | Lost mutation: You have an uncontrollable temper. [potion
                  | of mutation]
 65179 | Zot:2    | Lost mutation: You are dopey. (Int -2) [potion of mutation]
 65179 | Zot:2    | Gained mutation: Your mind is acute. (Int +4, Str/Dex -1)
                  | [potion of mutation]
 65179 | Zot:2    | Lost mutation: Your mind is acute. (Int +4, Str/Dex -1)
                  | [potion of mutation]
 65179 | Zot:2    | Lost mutation: You sometimes lose your temper in combat.
                  | [potion of mutation]
 65179 | Zot:2    | Gained mutation: You are partially covered in iridescent
                  | scales. (AC +2) [potion of mutation]
 65186 | Zot:2    | Lost mutation: You occasionally lose the ability to drink
                  | potions when taking damage. [potion of mutation]
 65186 | Zot:2    | Lost mutation: You are partially covered in iridescent
                  | scales. (AC +2) [potion of mutation]
 65186 | Zot:2    | Gained mutation: You passively map a small area around you.
                  | [potion of mutation]
 65186 | Zot:2    | Gained mutation: Your flesh is heat resistant. (rF+)
                  | [potion of mutation]
 66864 | Zot:4    | Identified the ring of Wied {rC+ rN+}
 67773 | Depths:4 | Reached skill level 27 in Staves
 67870 | Hell     | Killed Geryon
 68481 | Hell     | Found a gateway to the decaying netherworld of Tartarus.
 68569 | Hell     | Found a gateway to the Iron City of Dis.
 68620 | Hell     | Found a gateway to the ashen valley of Gehenna.
 70287 | Zot:5    | Entered Level 5 of the Realm of Zot
 70442 | Zot:5    | Found a runed translucent gate.
 70520 | Zot:5    | Found a runed translucent gate.
 70521 | Zot:5    | Found a runed translucent gate.
 70522 | Zot:5    | Noticed a dread lich
 70524 | Zot:5    | Noticed Voqoasirir's ghost (veteran TeAE)
 71032 | Zot:5    | Noticed a dread lich
 71051 | Zot:5    | Killed a dread lich
 71460 | Zot:5    | Noticed an ancient lich
 71479 | Zot:5    | Noticed an orb of fire
 71482 | Zot:5    | Noticed an orb of fire
 71491 | Zot:5    | Lost mutation: Your flesh is heat resistant. (rF+)
                  | [mutagenic glow]
 71491 | Zot:5    | Gained mutation: You are vulnerable to heat. (rF-)
                  | [mutagenic glow]
 71507 | Zot:5    | Killed from afar by an orb of fire

Illustrated notes

Levels and vault maps discovered:
D:1:      lightli_arrival_lavapool, layout_basic, minmay_door_square,
          minmay_cut_off
D:2:      layout_rooms, hellmonk_ecumenical_altar_run_dry
D:3:      layout_loops_cross, slow_altar_1, fedhas_altar_2,
          nicolae_overflow_crystal_walls, uniq_sigmund, uniq_terence
D:4:      layout_loops_ring, minmay_temple_entry_statues,
          kennysheep_generic_room_10
D:5:      layout_gridville, yredelemnul_altar_generic,
          lemuel_coloured_pillars_altar, kennysheep_small_square
D:6:      layout_cave_pools, nicolae_tso_swordbearing_angel,
          portal_sewer_entry_d, serial_shops, nicolae_square_shop,
          serial_gnoll_camp, gnoll_camp_medium_01, gnoll_camp_huts_basic,
          gnoll_camp_medium_02, gnoll_camp_mini_house, grunt_ministairs_2,
          uniq_prince_ribbit1
D:7:      layout_basic, lemuel_round_altar,
          nicolae_uskayaw_murder_on_the_dancefloor, okawaru_humans,
          chequers_garden, ebering_dispersal_statue_hall, uniq_joseph,
          uniq_menkaure, uniq_duvessa
D:8:      layout_rooms, tgw_kikubaaqudgha, mainiacjoe_overflow_boulevard,
          lair_entry_dummy
D:9:      layout_grid_maze, old_standard_altar, minmay_hedge_maze,
          hellmonk_guarded_unrand_lears
D:10:     layout_loops_ring, xom_teletrap_fun, mainiacjoe_overflow_brackets,
          vehumet_crystals, trove_entry_hex_spiral
D:11:     layout_rooms
D:12:     layout_irregular_city, erik_orc_4, serial_shops, shop,
          portal_ice_cave_demonic_guard, uniq_josephine
D:13:     layout_loops_ring, uniq_snorg
D:14:     layout_cave_pods, skrybe_vaults_entry_preservation, chequers_big_river
D:15:     gammafunk_depths_entry_grave, layout_loops_corners,
          gauntlet_entry_generic
Temple:   nicolae_temple_great_sept
Lair:1:   layout_cave_pods
Lair:2:   layout_loops_ring, basic_altar, serial_bayou_pond_d
Lair:3:   dreamdust_cave_troll, layout_regular_city, minmay_swamp_entry_worms,
          nicolae_snake_entry_warm_welcome, kennysheep_rathole
Lair:4:   layout_cave_pods
Lair:5:   minmay_lair_end_enchanted_forest, layout_gridlike,
          nicolae_slime_entry_field_trip, wad_woods_01,
          infiniplex_staircase_pool_2, uniq_kirke, uniq_urug
Swamp:1:  gammafunk_sealed_arena, layout_falls_marsh,
          evilmike_swamp_ruin_house_5, swamp_pool2,
          nicolae_swamp_thats_no_hydra, uniq_louise
Swamp:2:  layout_falls_marsh, nicolae_swamp_ascending_descending
Swamp:3:  layout_basic_swamp, serial_swamp_ruin, evilmike_swamp_ruin_house_1,
          evilmike_swamp_ruin_house_4, infiniplex_staircase_pool
Swamp:4:  swamp_fiery, layout_basic_swamp, swamp_pool1
Snake:1:  layout_chambers
Snake:2:  layout_cave_town, serial_shops, nicolae_shop_crystal,
          nicolae_take_the_stairs, guppyfry_snake_island, grunt_megastairs_4
Snake:3:  layout_cave_town, nicolae_integral_box, serial_bayou_shore_a
Snake:4:  hellmonk_snake_rune_quicksilver_temple, layout_chambers,
          lemuel_oklob_altar
Slime:1:  layout_caves
Orc:1:    layout_caves
Orc:2:    st_orc_town, layout_caves, maelrawn_ghost_gauntlet_escape,
          mines2_david, uniq_sonja
Elf:1:    minmay_elf_arrival_plus, layout_gridlike, minmay_elf_necromancy,
          grunt_ministairs_8, patterned_corridor, grunt_megastairs_2
Elf:2:    nicolae_elf_blades_crystal_corner, layout_onion_city,
          portal_desolation_entry_ruin
Elf:3:    minmay_elf_hall_four_x, layout_geoelf_diagonals,
          gammafunk_ghost_tricky_traps, glass_columns_a
Vaults:1: ontoclasm_vaults_ring_large, hangedman_vaults_slice, v_misc_18,
          vaults_room_large_hall, v_misc_8, ontoclasm_vaults_shuriken,
          ontoclasm_vaults_hangar, dpeg_vaults_pockets_of_resistance,
          vaults_dpeg_hooks, v_rooms_2, ontoclasm_vaults_ligature,
          hangedman_vaults_snaps, hangedman_vaults_capsules,
          hangedman_vaults_unwind, vaults_room_door_ring,
          ontoclasm_vaults_decontamination, layout_vaults_omnibox, serial_shops,
          nicolae_shop_statue_plus
Vaults:2: hangedman_vaults_slice, nicolae_vaults_quartermaster,
          nicolae_vaults_circle_grid_b, vaults_room_ringed_pool,
          nicolae_vaults_border_crossing, vaults_room_fours,
          vaults_room_stairs_pillars, layout_vaults_quadrants, serial_shops,
          nicolae_shop_stone, uniq_margery
Vaults:3: ebering_ghost_xom, v_misc_10, nicolae_vaults_three_branches,
          v_misc_15, v_misc_12, vaults_room_hallway, nicolae_vaults_asterisk,
          grunt_vaults_focal, v_alt_pattern_1, layout_vaults_big_room,
          serial_shops, nicolae_shop_bloodbath_and_beyond
Vaults:4: nicolae_vaults_twisting_passages, v_misc_10, nicolae_vaults_arrows,
          v_misc_33, hangedman_vaults_stretched_pinwheel, grunt_vaults_bifocal,
          v_pattern_5, vaults_mumra_chevron, nicolae_vaults_rhombus_5,
          nicolae_vaults_little_squares_6, layout_vaults_maze_snakey,
          uniq_zenata, uniq_donald
Vaults:5: serial_shops
Crypt:1:  layout_gridlike, grunt_ministairs_7, grunt_megastairs_1,
          grunt_crypt_arrival_split
Crypt:2:  layout_misc_corridors, grunt_megastairs_3, lemuel_upstairs_altar
Crypt:3:  church_of_pain_bobbens, layout_chaotic_city, st_stairs_10,
          nicolae_crypt_knee_deep_in_the_dead
Tomb:1
Tomb:2
Depths:1: layout_honeycomb, enter_ziggurat_c, serial_shops, statue_bzr,
          nicolae_shop_advertising_works [nicolae_subvault_shop_adworks],
          nrook_mini_backslash, pf_hell_entry_tar_river, minmay_strange_pillars,
          roderic_serpentine_path, water_boxes_lemuel, minmay_shop_star,
          serial_bayou_shore_b
Depths:2: angbandy_vault, layout_gridlike, lightli_too_deep, pan_entry,
          nicolae_abyss_entry_one_way_or_another, zin_treasury
Depths:3: minmay_the_grid_square_5x5_5x5
          [minmay_the_grid_square_5x5_two_walls_a,
          minmay_the_grid_square_5x5_longway,
          minmay_the_grid_square_5x5_six_small,
          minmay_the_grid_square_5x5_spiral_small,
          minmay_the_grid_square_5x5_plus, minmay_the_grid_square_5x5_trominoes,
          minmay_the_grid_square_5x5_prize_monsterx,
          minmay_the_grid_square_5x5_seven,
          minmay_the_grid_square_5x5_prize_open,
          minmay_the_grid_square_5x5_bridge, minmay_the_grid_square_5x5_minibox,
          minmay_the_grid_square_5x5_two_walls_b,
          minmay_the_grid_square_5x5_prize_gold,
          minmay_the_grid_square_5x5_corner, minmay_the_grid_square_5x5_inset,
          minmay_the_grid_square_5x5_eight,
          minmay_the_grid_square_5x5_prize_rear_guard,
          minmay_the_grid_square_5x5_tie,
          minmay_the_grid_square_5x5_prize_waves,
          minmay_the_grid_square_5x5_inverted_slash,
          minmay_the_grid_square_5x5_almost_minimal,
          minmay_the_grid_square_5x5_c, minmay_the_grid_square_5x5_pentomino_r,
          minmay_the_grid_square_5x5_n_small,
          minmay_the_grid_square_5x5_intrusive_squares], layout_basic,
          rand_demon_pan_entry_7, interstate_on_off, abyss_entry, hell_entry,
          uniq_grunn, uniq_sojobo
Depths:4: evilmike_zot_entry_argh, layout_honeycomb, hell_entry, nrook_campfire,
          minmay_fountain_box, uniq_jory
Hell
Zot:1:    layout_basic, hangedman_zot_decor_checkerboard, nicolae_lava_and_water
Zot:2:    layout_misc_corridors, hangedman_elemental_grid_stream
Zot:3:    layout_cellular_growth, grunt_megastairs_5
Zot:4:    layout_cathedral_of_symmetry
Zot:5:    layout_concentric_octagons, gammafunk_ghost_necromancy,
          skrybe_zot_glass_2

Skill      XL: |  1  2  3  4  5  6  7  8  9 10 11 12 13 14 15 16 17 18 19 20 21 22 23 24 25 26 27 |
---------------+----------------------------------------------------------------------------------+-----
Fighting       | 4 5 6 7 9 11 13 16 18 20 22 24 25 27 | 27.0
Maces & Flails | 3 4 |  4.9
Shields        | 4 |  4.4
Armour         | 4 5 6 7 8 9 11 13 15 16 17 18 19 20 21 23 24 25 26 27 | 27.0
Dodging        | 1 2 3 4 5 6 7 8 9 10 12 13 14 16 22 | 22.1
Staves         | 1 3 6 9 11 13 16 18 20 22 27 | 27.0
Stealth        | 1 2 3 4 5 6 |  6.0
Throwing       | 1 2 3 |  3.7
Spellcasting   | 2 |  2.3
Evocations     | |  0.8

Action                     |  1- 3 |  4- 6 |  7- 9 | 10-12 | 13-15 | 16-18 | 19-21 | 22-24 | 25-27 || total
---------------------------+-------+-------+-------+-------+-------+-------+-------+-------+-------++-------
  Melee: Flail             |    80 |   105 |       |       |       |       |       |       |       ||   185
         Quarterstaff      |       |    29 |   254 |   371 |   996 |  1274 |  1696 |  1697 |  3931 || 10248
         Kick              |       |       |       |    90 |   323 |   494 |   473 |       |       ||  1380
  Throw: Throwing net      |       |       |     1 |     2 |     6 |       |       |     3 |       ||    12
 Invoke: Heavenly Storm    |       |       |       |       |     2 |     5 |     6 |     3 |     5 ||    21
         Serpent's Lash    |       |       |       |       |       |     2 |     5 |     5 |     4 ||    16
Ability: Lunge             |       |       |    28 |    36 |    86 |    84 |    88 |   109 |   152 ||   583
         Whirlwind         |       |       |    27 |    38 |    57 |   126 |   166 |   138 |   349 ||   901
         Wall Jump         |       |       |       |       |       |       |     2 |     1 |     1 ||     4
  Evoke: Wand              |       |       |       |       |       |       |       |     1 |     4 ||     5
    Use: Scroll            |       |     1 |     6 |     7 |     3 |     9 |    10 |     2 |    11 ||    49
         Potion            |       |     1 |       |     4 |       |       |     8 |     2 |    11 ||    26
   Stab: Distracted        |       |       |     1 |       |       |       |       |     1 |       ||     2
         Held in net/web   |       |       |     1 |     1 |     4 |       |       |     3 |       ||     9
         Confused          |       |       |       |       |       |       |       |       |     1 ||     1
 Armour: Scale mail        |    39 |    76 |   113 |     3 |       |       |       |       |       ||   231
         Ring mail         |       |       |       |    29 |       |       |       |       |       ||    29
         Chain mail        |       |       |       |   114 |   401 |   704 |   732 |   694 |  1641 ||  4286
  Dodge: Dodged            |    30 |    59 |   126 |   115 |   459 |   860 |   978 |  1225 |  4142 ||  7994
  Block: Buckler           |    13 |    17 |       |       |       |       |       |       |       ||    30

Table legend: (Time is in decaauts)
 A = Elapsed time spent in this place.
 B = Non-inter-level travel time spent in this place.
 C = Inter-level travel time spent in this place.
 D = Time resting spent in this place.
 E = Time spent auto-exploring this place.
 F = Levels seen in this place.
 G = Mean time per level.
                   A        B        C        D        E       F      G
               +--------+--------+--------+--------+--------+-----+--------+
         Total |  68841 |  59854 |   8987 |   8854 |  25846 |  58 | 1186.9 |
       Dungeon |  14285 |  12379 |   1906 |   1111 |   7886 |  15 |  952.3 |
        Temple |    106 |    106 |      0 |      0 |     62 |   1 |  106.0 |
          Lair |   4360 |   3852 |    508 |     42 |   3123 |   5 |  872.0 |
         Swamp |   3131 |   2873 |    258 |    499 |   1279 |   4 |  782.8 |
     Snake Pit |   5530 |   5064 |    466 |    464 |   2800 |   4 | 1382.5 |
    Slime Pits |     14 |     14 |      0 |      0 |      0 |   1 |   14.0 |
  Orcish Mines |   1687 |   1502 |    185 |     96 |    932 |   2 |  843.5 |
   Elven Halls |   3899 |   3543 |    356 |    553 |   1504 |   3 | 1299.7 |
        Vaults |  12130 |   9723 |   2407 |   2080 |   2131 |   5 | 2426.0 |
         Crypt |   3389 |   2962 |    427 |     13 |   1669 |   3 | 1129.7 |
          Tomb |   2164 |   1798 |    366 |    776 |      0 |   2 | 1082.0 |
        Depths |   9479 |   8081 |   1398 |   1761 |   2378 |   4 | 2369.8 |
          Hell |    552 |    551 |      1 |     25 |    253 |   1 |  552.0 |
           Zot |   6263 |   5560 |    703 |   1127 |   1423 |   5 | 1252.6 |
         Sewer |    366 |    366 |      0 |      0 |     96 |   1 |  366.0 |
      Ice Cave |    762 |    762 |      0 |    255 |     90 |   1 |  762.0 |
    Desolation |    717 |    717 |      0 |     50 |    220 |   1 |  717.0 |
               +--------+--------+--------+--------+--------+-----+--------+

Top non-repeatable levels by time:
Vaults:1: 3013 daAuts
Depths:2: 2714 daAuts
Vaults:2: 2706 daAuts
Vaults:4: 2608 daAuts
Depths:4: 2558 daAuts
Vaults:3: 2153 daAuts
Depths:3: 2131 daAuts
Depths:1: 2075 daAuts
  Tomb:1: 2047 daAuts
 Snake:4: 1905 daAuts
    D:15: 1796 daAuts
Vaults:5: 1648 daAuts
   Elf:2: 1593 daAuts
    D:14: 1573 daAuts
 Crypt:3: 1507 daAuts
